 Dungeon Crawl Stone Soup version 0.26.0-10-g1f06aea511 (webtiles) character file.

Game seed: 4884664700196109250

689 Amaterasu the Slasher (level 7, -8/63 HPs)
             Began as a Minotaur Fighter on Jan 27, 2021.
             Was a Follower of Okawaru.
             Mangled by an orc warrior
             ... wielding a +0 glaive
              (19 damage)
             ... on level 5 of the Dungeon.
             The game lasted 00:05:43 (3875 turns).

Amaterasu the Slasher (Minotaur Fighter)            Turns: 3875, Time: 00:05:44

Health: -8/63      AC: 10    Str: 23    XL:     7   Next: 36%
Magic:  0/8        EV:  9    Int:  5    God:    Okawaru [*.....]
Gold:   364        SH:  9    Dex:  9    Spells: 6/6 levels left

rFire    . . .     SeeInvis .   a - +1 long sword
rCold    . . .     Faith    .   c - +0 kite shield
rNeg     . . .     Spirit   +   b - +0 scale mail
rPois    .         Reflect  .   (helmet restricted)
rElec    .         Harm     .   n - +0 cloak
rCorr    .         Rampage  .   e - +1 pair of gloves
Will     .....                  (no boots)
Stlth    ..........             o - amulet of guardian spirit
HPRegen  0.20/turn              (no ring)
MPRegen  0.11/turn              (no ring)

@: mighty, hasted, very quick
A: retaliatory headbutt, horns 2
a: Renounce Religion, Heroism


You were on level 5 of the Dungeon.
You worshipped Okawaru.
Okawaru was aware of your devotion.
You visited 1 branch of the dungeon, and saw 5 of its levels.
You also visited: Sewer.

You collected 364 gold pieces.

Inventory:

Hand Weapons
 a - a +1 long sword (weapon)
Armour
 b - a +0 scale mail (worn)
 c - a +0 kite shield (worn)
 e - a +1 pair of gloves (worn)
 n - a +0 cloak (worn)
Jewellery
 o - an amulet of guardian spirit (around neck)
 p - an uncursed ring of stealth {unknown}
Wands
 x - a wand of iceblast (8)
Scrolls
 g - a scroll of enchant armour
 j - 4 scrolls of teleportation
 m - 4 scrolls of fog
 q - a scroll of magic mapping
 t - 2 scrolls of fear
 v - 2 scrolls of blinking
Potions
 f - a potion of haste
 h - 5 potions of flight
 i - 2 potions of brilliance
 k - 2 potions of curing
 l - 3 potions of cancellation {unknown}
 r - a potion of heal wounds {unknown}
 s - a potion of degeneration {unknown}
 u - a potion of invisibility {unknown}


   Skills:
 - Level 6.0 Fighting
 - Level 6.0 Long Blades
 - Level 5.0 Armour
 - Level 3.0 Dodging
 - Level 3.6 Shields
 * Level 3.1 Invocations


You had 6 spell levels left.
You didn't know any spells.
Your spell library was empty.

Dungeon Overview and Level Annotations

Branches:
Dungeon (5/15)              Sewer (visited)
 Temple: D:4-7

Altars:
Fedhas
Okawaru
Ru
Sif Muna
Vehumet
Wu Jian
Xom

Shops:
D:4 :


Innate Abilities, Weirdness & Mutations

You reflexively headbutt those who attack you in melee.
You have a pair of horns on your head.


Message History

You kill the ogre!
Okawaru accepts your kill.
You can now gain great but temporary skills.
You block the orc's attack.
Your Invocations skill increases to level 3!
Okay, then.
You closely miss the orc. You headbutt the orc.
You kill the orc!
Okawaru accepts your kill. The orc priest hits you with a +0 whip.
* * * LOW HITPOINT WARNING * * *
The orc warrior hits you from afar with a +0 glaive!
* * * LOW HITPOINT WARNING * * *
You see here a +0 trident.
It was a potion of curing.
You feel better.
The orc priest hits you but does no damage.
You slash the orc priest!
The orc priest is severely wounded.
The orc warrior hits you from afar with a +0 glaive!!
You die...

#...........................#
.#...^...#.......#.........#
##.......#.......##........#
#..........###................#
...............###...#........#
.........o.o.### #.#..........#
..#.#.#...##.o.# #............#
....._....####o# ###...>......#
#.#.#.#...####@#####.#.#.######
##........###......##.#.........
.#. ......###.........##........
.... ..................##........
....########.....................
.......................#.).......
....<...######......#####........
........# #...................
........######<.....########....#


You could see an orc warrior and an orc priest.

Vanquished Creatures
  Edmund (D:5)
  Purgy (Sewer)
  An ogre (D:5)
  A bullfrog zombie (D:5)
  A hound (D:5)
  An orc wizard (D:3)
  8 gnolls (D:4)
  A howler monkey skeleton (D:4)
  9 adders
  A river rat (D:4)
  A shadow imp (D:5)
  An ufetubus (D:5)
  An ooze (D:3)
  An adder skeleton (D:4)
  2 worms
  2 dart slugs (D:1)
  4 leopard geckos
  7 orcs
  A giant cockroach (D:2)
  5 goblins
  6 hobgoblins
  13 jackals
  9 kobolds
  4 quokkas
  5 bats
  7 frilled lizards
  33 rats
127 creatures vanquished.

Notes
Turn   | Place    | Note
-------+----------+-------------------------------------------
     0 | D:1      | Amaterasu the Minotaur Fighter began the quest for the Orb.
     0 | D:1      | Reached XP level 1. HP: 19/19 MP: 0/0
     6 | D:1      | Noticed a redback
     6 | D:1      | Noticed a rime drake
     6 | D:1      | Noticed a black mamba
     7 | D:1      | Noticed a lindwurm
     7 | D:1      | Noticed a komodo dragon
   177 | D:1      | Reached XP level 2. HP: 26/26 MP: 1/1
   707 | D:2      | Reached XP level 3. HP: 25/31 MP: 2/2
   926 | D:2      | Reached skill level 5 in Long Blades
  1060 | D:2      | Found a blossoming altar of Fedhas.
  1149 | D:2      | Reached XP level 4. HP: 39/39 MP: 3/3
  1340 | D:2      | Found a sacrificial altar of Ru.
  1503 | D:2      | Found a faded altar of an unknown god.
  1789 | D:3      | Found an ornate altar of the Wu Jian Council.
  1994 | D:3      | Reached XP level 5. HP: 43/46 MP: 4/4
  2067 | D:3      | Reached skill level 1 in Dodging
  2792 | D:4      | Found a glowing drain.
  2803 | Sewer    | Entered a sewer
  2981 | Sewer    | Noticed Purgy
  2992 | Sewer    | Killed Purgy
  2993 | Sewer    | Reached XP level 6. HP: 47/53 MP: 5/5
  3178 | D:4      | Reached skill level 5 in Fighting
  3286 | D:4      | Found an iron altar of Okawaru.
  3297 | D:4      | Found a shimmering altar of Xom.
  3301 | D:4      | Found a shimmering blue altar of Sif Muna.
  3307 | D:4      | Became a worshipper of Warmaster Okawaru
  3530 | D:4      | Found Wagh's Book Shop.
  3639 | D:5      | Entered Level 5 of the Dungeon
  3668 | D:5      | Noticed Edmund
  3675 | D:5      | Killed Edmund
  3676 | D:5      | Reached skill level 5 in Armour
  3676 | D:5      | Reached skill level 1 in Invocations
  3676 | D:5      | Reached XP level 7. HP: 41/62 MP: 3/6
  3852 | D:5      | Found a radiant altar of Vehumet.
  3867 | D:5      | Reached * piety under Okawaru
  3873 | D:5      | HP: 1/63 [orc warrior/+0 glaive (7)]
  3875 | D:5      | Mangled by an orc warrior

Illustrated notes

Levels and vault maps discovered:
D:1:      onia_arrival_zoo_common, layout_loops_cross, corexii_corridor_pit,
          minmay_rat_gold_closets
D:2:      layout_rooms, marbit_many_paths, lemuel_crystal_altar,
          chequers_ecumenical_altar_simple_redux
D:3:      layout_loops_corners, nzn_wu_jian_council_hall,
          kennysheep_generic_room_5
D:4:      layout_rooms, grunt_temple_overflow_open, gup_sewer_entry_bubbles,
          serial_shops, shop, minmay_rat_hole
D:5:      layout_rooms, lemuel_crystal_altar, uniq_crazy_yiuf_cottage,
          uniq_edmund, uniq_prince_ribbit1

Skill      XL: |  1  2  3  4  5  6  7 |
---------------+----------------------+-----
Long Blades    | 3 4 5 6 |  6.0
Armour         | 4 5 |  5.0
Dodging        | 2 3 |  3.0
Fighting       | 4 5 6 |  6.0
Invocations    | 1 3 |  3.1
Shields        | |  3.6

Action                   |  1- 3 |  4- 6 |  7- 9 || total
-------------------------+-------+-------+-------++-------
Melee: Long sword        |    91 |   209 |    17 ||   317
       Headbutt          |     5 |    36 |     7 ||    48
  Use: Scroll            |     4 |    10 |       ||    14
       Potion            |       |       |     3 ||     3
Armor: Scale mail        |    32 |    97 |     5 ||   134
Dodge: Dodged            |    23 |    58 |     5 ||    86
Block: Kite shield       |    46 |   105 |     7 ||   158
       Rpst.: Long sword |     4 |    12 |     2 ||    18
